cohdb
Replays
Latest Replays
All Replays
Popular Replays
Top Player Replays
Match Explorer
How It Works
Community
CoH3 Stats
Reddit
Sign in to upload your games and track your stats! →
Sign in with Steam
Match 45264911
Unlisted
Match 45264911
Overview
Messages
Build Orders
End
Royal Engineer Section
Construct Section Command Post
Dingo Light Scout Car
Infantry Section
Vickers Machine Gun Team
Infantry Section
Construct Platoon Command Post
Unlock M3 Stuart Light Tanks
M3 Stuart Light Tank
M3 Stuart Light Tank
6-pounder Anti-tank Gun Team
Selects Air and Sea Battlegroup
Selects Commando Section Paradrop
Selects Commando Support Section Paradrop
Commando Support Section Paradrop
Vickers Machine Gun Team
Construct Company Command Post
Crusader II Medium Tank
Crusader II Medium Tank
Selects Supply Surplus
Construct Resource Cache
Crusader II Medium Tank
Selects Anti-tank Rocket Loiter
Anti-tank Rocket Loiter
Crusader II Medium Tank
Commando Section Paradrop
Mowgli01
Sauvage
ArguS
Mr. Krabs
0
0
Comments
sign in to comment!
No comments posted yet!